AoeStats
← 欢乐小菜鸟

Arabia

506825107Analyzed
4v4 RM · 17d ago on Sep 15, 2026· 27m 23s· 8 players
Game mode
Random Map
Map size
Large (8 player)
Population
200
Speed
Normal
Resources
Standard
Victory
Conquest
Starting age
Dark Age
Ending age
Imperial Age
RankedLock teamsTeams togetherTeam positionsShared explorationLock speedFull tech treeHidden civsTurbo modeCheats
Victory
Defeat
🇯🇵 Maya · Japan
1056
+12
🇯🇵 Persians · Japan
1056
+12
🇦🇺 Teutons · Australia
986
+14
🇨🇳 Khmer · China
943
+16
🇨🇳 Teutons · China
1042
-47
🇦🇷 Saracens · Argentina
933
-13
🇮🇩 Bulgarians · Indonesia
933
-13
🇩🇪 Huns · Germany
911
-12
ZAK
12:02 Feudal Age
13:50 Double-Bit Axe
17:19 Castle Age
20:56 Wheelbarrow
25:39 Bow Saw
yama_neko_koneko
10:19 Feudal Age
11:48 Double-Bit Axe
13:21 Bloodlines
24:32 Castle Age
22:44 Scale Barding Armor
22:50 Forging
22:35 Gold Mining
25:12 Bow Saw
25:25 Chain Barding Armor
25:41 Iron Casting
24:51 Horse Collar
25:39 Heavy Plow
27:13 Wheelbarrow
欢乐小菜鸟
pivo
0:28 Loom
10:35 Feudal Age
11:22 Double-Bit Axe
15:15 Fletching
20:07 Wheelbarrow
25:01 Castle Age
25:27 Padded Archer Armor
25:20 Town Watch
26:07 Bow Saw
25:54 Crossbowman
26:40 Thumb Ring
26:33 Bodkin Arrow
tobi12000
Okisan
2:57 Loom
11:32 Feudal Age
12:04 Double-Bit Axe
13:57 Horse Collar
15:04 Bloodlines
19:00 Castle Age
25:00 Fletching
Cinta Mama
1:09 Loom
12:22 Feudal Age
18:23 Castle Age
17:11 Forging
19:09 Wheelbarrow
18:17 Horse Collar
18:52 Gambesons
19:31 Double-Bit Axe
20:00 Scale Mail Armor
20:19 Stone Mining
21:11 Squires
22:19 Gold Mining
23:54 Pikeman
1821269509
12:56 Feudal Age
16:14 Town Watch
26:09 Castle Age
Connection lost

Rejoining the realm…

Still unreachable

The connection could not be restored.

Session expired

The server has moved on; the page needs a fresh start.